 Dungeon Crawl Stone Soup version 0.21.0-3-g78d12a8 (webtiles) character file.

485 pstr the Magician (level 6, 0/28 HPs)
             Began as a Spriggan Earth Elementalist on Jan 14, 2018.
             Slain by an adder (5 damage)
             ... on level 4 of the Dungeon.
             The game lasted 00:11:08 (4091 turns).

pstr the Magician (Spriggan Earth Elementalist)     Turns: 4091, Time: 00:11:09

Health: 0/28       AC:  2    Str:  4    XL:     6   Next: 88%
Magic:  3/15       EV: 19    Int: 18    God:
Gold:   219        SH:  0    Dex: 17    Spells: 6/15 levels left

rFire    . . .     SeeInvis +   g - +1 short sword
rCold    . . .     Gourm    .   (shield restricted)
rNeg     . . .     Faith    .   c - +0 robe
rPois    .         Spirit   .   (helmet restricted)
rElec    .         Reflect  .   (no cloak)
rCorr    .         Harm     .   (gloves unavailable)
MR       +....                  (boots unavailable)
Stlth    +++.......             (no amulet)
HPRegen  0.09/turn              (no ring)
MPRegen  0.14/turn              (no ring)

@: lethally poisoned (0 -> -1), very quick
A: very small, unfitting armour, see invisible, herbivore, speed 3, slow
metabolism 2
a: no special abilities


You were on level 4 of the Dungeon.
You were very hungry.

You visited 1 branch of the dungeon, and saw 4 of its levels.

You collected 219 gold pieces.

Inventory:

Hand Weapons
 g - a +1 short sword (weapon)
Missiles
 b - 66 stones (quivered)
Armour
 c - a +0 robe (worn)
Jewellery
 r - an uncursed ring of positive energy {unknown}
Scrolls
 a - 4 scrolls of identify {unknown}
 j - 6 scrolls of remove curse {unknown}
 l - 2 scrolls of teleportation {unknown}
 o - a scroll of amnesia {unknown}
Potions
 k - a potion of resistance {unknown}
 m - a potion of berserk rage {unknown}
 p - a potion of mutation {unknown}
 q - a potion of haste {unknown}
 t - a potion of heal wounds {unknown}
 u - 2 potions of degeneration {unknown}
Books
 e - a book of Geomancy

   Spells                             Type                      Level
   a - Sandblast                      Earth                        1
   b - Passwall                       Transmutation/Earth          2
   c - Stone Arrow                    Conjuration/Earth            3
   d - Petrify                        Transmutation/Earth          4
   e - Lee's Rapid Deconstruction     Earth                        5
Comestibles
 d - 4 rations


   Skills:
 + Level 0.1 Fighting
 + Level 0.4 Short Blades
 + Level 4.2 Dodging
 + Level 3.7 Stealth
 + Level 5.4 Spellcasting
 + Level 2.1 Conjurations
   Level 1.3 Transmutations
 + Level 4.7 Earth Magic


You had 6 spell levels left.
You knew the following spells:

 Your Spells              Type           Power        Failure   Level  Hunger
a - Sandblast             Erth           ###...       1%          1    None
b - Stone Arrow           Conj/Erth      ###...       9%          3    ##.....
c - Lee's Rapid Deconstr  Erth           ###.......   45%         5    ######.


Dungeon Overview and Level Annotations

Branches:
Dungeon (4/15)
 Temple: D:4-7

Altars:
Nemelex Xobeh
Xom
Zin

Annotations:
D:4 wojtek's ghost, amateur MiFi


Innate Abilities, Weirdness & Mutations

You are very small and have problems with some larger weapons.
You are too small for most types of armour.
You have supernaturally acute eyesight. (SInv)
You are a herbivore.
You cover ground extremely quickly.
You need consume almost no food.


Message History

Your magical effects are unravelling.
You feel magically purged.
You feel less wooden.
Your +0 robe unmelds from your body.
The worker ant closely misses you.
Okay, then.
The worker ant twitches its antennae in your direction.
You feel sick.
Found a scroll labeled EGYVUY PAISUO.
You see here a scroll labeled EGYVUY PAISUO.
j - 6 scrolls labeled EGYVUY PAISUO (gained 1)
You feel sick.
Found a stone staircase leading down.
Found a green potion.
An adder comes into view.
The adder hisses angrily.
You closely miss the adder.
You feel sick. The adder completely misses you. x2
The adder closely misses you.
There is a stone staircase leading down here.
The adder bites you.
You die...

.....# ##..#### ......
..?.... #.##.# ###..###.
#.##.# #a.......
###.##.# #.##.####
#.....!# #.##.W...
#######......###.#######
...........a.....#
######@Sa..######
#.....# #######


You could see 2 worker ants and an adder.

Vanquished Creatures
  Sigmund (D:3)
  A hound (D:3)
  3 orc priests (D:4)
  3 orc wizards (D:4)
  4 adders
  2 oozes
  2 worms (D:2)
  2 dart slugs
  A leopard gecko (D:2)
  2 orcs (D:4)
  10 bats
  2 giant cockroaches
  8 goblins
  8 hobgoblins
  2 jackals (D:2)
  12 kobolds
  2 quokkas (D:2)
  A ball python (D:1)
  4 frilled lizards
  5 rats
75 creatures vanquished.

Notes
Turn   | Place    | Note
-------+----------+-------------------------------------------
     0 | D:1      | pstr the Spriggan Earth Elementalist began the quest for the Orb.
     0 | D:1      | Reached XP level 1. HP: 9/9 MP: 5/5
   187 | D:1      | Reached XP level 2. HP: 13/13 MP: 2/6
   359 | D:1      | Reached skill level 3 in Spellcasting
   755 | D:1      | Reached XP level 3. HP: 16/16 MP: 5/8
   760 | D:1      | Learned a level 3 spell: Stone Arrow
  1296 | D:2      | Found a glowing silver altar of Zin.
  1816 | D:2      | Reached XP level 4. HP: 13/21 MP: 0/10
  2027 | D:2      | Reached skill level 4 in Spellcasting
  2490 | D:3      | Found a shimmering altar of Xom.
  2956 | D:3      | Reached XP level 5. HP: 24/24 MP: 5/12
  3096 | D:3      | Noticed Sigmund
  3099 | D:3      | Killed Sigmund
  3099 | D:3      | Reached skill level 5 in Spellcasting
  3099 | D:3      | Reached skill level 1 in Conjurations
  3099 | D:3      | Reached XP level 6. HP: 17/28 MP: 1/14
  3341 | D:3      | Found a sparkling altar of Nemelex Xobeh.
  3625 | D:4      | Noticed wojtek's ghost (amateur MiFi)
  3742 | D:3      | Learned a level 5 spell: Lee's Rapid Deconstruction
  4091 | D:4      | Slain by an adder

Skill      XL: |  1  2  3  4  5  6 |
---------------+-------------------+-----
Earth Magic    | 3 4 |  4.7
Spellcasting   | 3 4 5 |  5.4
Conjurations   | 1 2 |  2.1
Dodging        | 4 |  4.2
Fighting       | |  0.1
Short Blades   | |  0.4
Stealth        | |  3.7
Transmutations | |  1.3

Action                   |  1- 3 |  4- 6 || total
-------------------------+-------+-------++-------
Melee: Short sword       |    14 |    16 ||    30
 Cast: Sandblast         |    62 |    26 ||    88
       Stone Arrow       |    11 |    42 ||    53
  Use: Scroll            |       |     3 ||     3
       Potion            |       |     2 ||     2
  Eat: Ration            |       |     2 ||     2
Armor: Robe              |     1 |     1 ||     2
       Skin              |       |     1 ||     1
Dodge: Dodged            |    36 |    30 ||    66
